 Dungeon Crawl Stone Soup version 0.30.0-15-g856e2d3f33 (webtiles) character file.

Game seed: 9283168233442363166

103 Kenran the Slasher (level 4, -1/28 HPs)
             Began as a Gargoyle Fighter on May 19, 2023.
             Killed from afar by an orc wizard (11 damage)
             ... with a puff of flame
             ... on level 2 of the Dungeon.
             The game lasted 00:04:26 (1662 turns).

Kenran the Slasher (Gargoyle Fighter)               Turns: 1662, Time: 00:04:27

Health: -1/28      AC: 12    Str: 19    XL:     4   Next: 79%
Magic:  4/4        EV:  7    Int:  9    God:
Gold:   166        SH:  4    Dex: 11    Spells: 3/3 levels left

rFire   . . .        a - +0 long sword
rCold   . . .        c - +0 buckler
rNeg    + . .        l - +0 chain mail
rPois   ∞            (no helmet)
rElec   +            (no cloak)
rCorr   .            (no gloves)
SInv    .            (no boots)
Will    .....        (no amulet) Stlth
                     (no ring)
HPRegen 0.24/turn    (no ring)
MPRegen 0.09/turn

%: no passive effects
@: no status effects
A: sickness immunity, AC +3, negative energy resistance 1, electricity
resistance, torment resistance 1, petrification resistance
a: no special abilities


You were on level 2 of the Dungeon.
You visited 1 branch of the dungeon, and saw 3 of its levels.

You collected 166 gold pieces.

Inventory:

Hand Weapons
 a - a +0 long sword (weapon)
Armour
 c - a +0 buckler (worn)
 l - a +0 chain mail (worn)
Wands
 k - a wand of flame (10)
Scrolls
 f - a scroll of poison
 g - a scroll of teleportation
 i - a scroll of identify {@r1}
Potions
 d - 2 potions of might
 e - 2 potions of curing {unknown}
 h - a potion of haste {unknown}
 j - a potion of attraction {unknown}


   Skills:
 - Level 3.2 Fighting
 + Level 4.4 Long Blades
 - Level 3.2 Armour
 - Level 3.2 Shields


You had 3 spell levels left.
You didn't know any spells.
Your spell library was empty.

Dungeon Overview and Level Annotations

Branches:
Dungeon (3/15)

Altars:


Innate Abilities, Weirdness & Mutations

You are immune to sickness and miasma.
Your stone body is resilient. (AC +3)
You are immune to poison.
You resist negative energy. (rN+)
You are resistant to electric shocks. (rElec)
You are resistant to unholy torment.
You are immune to petrification.


Message History

You block the adder's attack.
You barely miss the adder.
The adder is heavily wounded.
The adder barely misses you. Something hits you.
You hit the adder.
The adder is almost dead.
The adder closely misses you. Something hits you but does no damage.
The adder bites you but does no damage.
You miss the adder.
The adder is almost dead.
You hear some strange, mumbled words.
A magic dart appears from out of thin air!
The magic dart hits you but does no damage.
The adder bites you but does no damage. Something hits you but does no damage.
You barely miss the adder.
The adder is almost dead.
The adder bites you but does no damage. The adder barely misses you.
Something hits you but does no damage.
You miss the adder.
The adder is almost dead.
The adder barely misses you. Something completely misses you.
You slash the adder!
You kill the adder!
Something hits you but does no damage. Something hits you but does no damage.
You see here an adder corpse.
You barely miss something. Something completely misses you.
You barely miss something. Something hits you but does no damage.
You barely miss something. Something hits you.
You hear some strange, mumbled words.
A puff of flame appears from out of thin air!
The puff of flame hits you.
You barely miss something. Something hits you but does no damage.
You hit something. Something hits you but does no damage.
You miss something. Something hits you.
You closely miss something.
You hear some strange, mumbled words.
A puff of flame appears from out of thin air!
The puff of flame hits you!
You die...

#..........#
#..........#
####........).#
#..............
####.......<..#
######### ##......†.##
#.......#####...........
#......)...............#
#......@...............#
#......{.>..............
########................
#..............##
#..............##
#........#####...
#...###.....##### ##.###
#.....# # #...# #.....#
#


There were no monsters in sight!

Vanquished Creatures
  Terence (D:1)
  3 adders
  2 dart slugs
  An orc (D:2)
  5 ball pythons
  5 endoplasms
  A giant cockroach (D:2)
  3 goblins (D:3)
  4 hobgoblins
  5 quokkas
  7 bats
  2 frilled lizards
  3 kobolds
  5 rats
47 creatures vanquished.

Notes
Turn   | Place    | Note
-------+----------+-------------------------------------------
     0 | D:1      | Kenran the Gargoyle Fighter began the quest for the Orb.
     0 | D:1      | Reached XP level 1. HP: 14/14 MP: 1/1
    37 | D:1      | Reached skill level 2 in Long Blades
   247 | D:1      | Reached XP level 2. HP: 19/19 MP: 2/2
   797 | D:2      | Reached skill level 3 in Long Blades
   804 | D:2      | Reached XP level 3. HP: 19/23 MP: 3/3
  1053 | D:2      | Noticed Terence
  1080 | D:1      | Killed Terence
  1081 | D:1      | Reached skill level 4 in Long Blades
  1081 | D:1      | Reached XP level 4. HP: 13/28 MP: 4/4
  1662 | D:2      | Killed from afar by an orc wizard

Illustrated notes

Levels and vault maps discovered:
D:1:      nagdon_arrival_zigzag_paths, layout_basic, minmay_cupped
D:2:      layout_rooms, st_stairs_13, uniq_terence
D:3:      cheibrodos_pilgrimage, layout_loops_cross, serial_glass,
          glass_columns_a, glass_columns_c, glass_columns_a

Skill      XL: |  1  2  3 |
---------------+----------+-----
Long Blades    | 2 3 4 |  4.4
Fighting       | |  3.2
Armour         | |  3.2
Shields        | |  3.2

Action                     |  1- 3 |  4- 6 || total
---------------------------+-------+-------++-------
  Melee: Long sword        |   105 |    54 ||   159
    Use: Scroll            |     2 |       ||     2
         Potion            |     1 |       ||     1
 Armour: Scale mail        |    55 |       ||    55
         Chain mail        |       |    65 ||    65
  Dodge: Dodged            |    59 |    33 ||    92
  Block: Buckler           |    38 |    17 ||    55
